 Dungeon Crawl Stone Soup version 0.31.0-32-g396128a36d (webtiles) character file.

Game seed: 16872305891825892744

111 nshep25 the Insei (level 5, -10/29 HPs)
             Began as a Kobold Shapeshifter on Mar 8, 2024.
             Mangled by Crazy Yiuf
             ... wielding a +2 quarterstaff of chaos
              (19 damage)
             ... on level 3 of the Dungeon.
             The game lasted 00:06:18 (2956 turns).

nshep25 the Insei (Kobold Shapeshifter)             Turns: 2956, Time: 00:06:19

Health: -10/29     AC:  2    Str: 13    XL:     5   Next: 15%
Magic:  5/5        EV:  3    Int: 11    God:
Gold:   97         SH:  0    Dex: 15    Spells: 4/4 levels left

rFire   . .          .
                       - Unarmed
rCold   . . .        (no shield)
rNeg    . . .        a - +0 animal skin
rPois   .            (helmet currently unavailable)
rElec   .            (cloak currently unavailable)
rCorr   .            (gloves currently unavailable)
SInv    .            (boots currently unavailable)
Will    .....        (no amulet)
Stlth   +++          (no ring)
HPRegen 0.24/turn    (no ring)
MPRegen 0.09/turn

%: no passive effects
@: beast-form, sleeping
A: beast (slay +2), small, no large weapons, nightstalker 3
a: Begin Untransformation


You were on level 3 of the Dungeon.
You were a hulking beast.
You visited 1 branch of the dungeon, and saw 3 of its levels.

You collected 97 gold pieces.

Inventory:

Missiles
 e - 3 poisoned darts (quivered)
 j - 4 atropa-tipped darts
Armour
 a - a +0 animal skin (worn)
Talismans
 c - a beast talisman
 d - a flux talisman
 f - a blade talisman
 g - a flux talisman
Scrolls
 h - a scroll of enchant armour {unknown}
 k - a scroll of vulnerability {unknown}
 l - 3 scrolls of identify {unknown}
 m - a scroll of enchant weapon {unknown}
Potions
 b - a potion of lignification
 i - 4 potions of cancellation {unknown}
 n - a potion of might {unknown}
 o - a potion of curing {unknown}


   Skills:
 + Level 1.4 Fighting
 + Level 2.7 Dodging
 + Level 2.5 Stealth
 + Level 4.3 Unarmed Combat
 * Level 3.5 Shapeshifting


You had 4 spell levels left.
You didn't know any spells.
Your spell library contained the following spells:

 Spells                   Type           Power      Damage    Failure   Level
 Summon Small Mammal      Summ           0%         N/A       34%         1
 Call Canine Familiar     Summ           0%         N/A       71%         3
 Summon Blazeheart Golem  Fire/Summ      0%         N/A       98%         4


Dungeon Overview and Level Annotations

Branches:
Dungeon (3/15)

Altars:
Xom

Annotations:
D:3 Crazy Yiuf


Innate Abilities, Weirdness & Mutations

You are a hulking beast.
Your limbs bulge with bestial killing power. (Slay +2)
You are small and have problems with some larger weapons.
You are completely attuned to the shadows.


Message History

You punch the endoplasm!
You kill the endoplasm!
No target in view!
Found a leather armour.
You see here a +0 leather armour.
Found a ring mail.
No target in view!
i - 4 fuming silvery potions (gained 3)
Found a runed translucent door.
Found a runed hammer.
You open the door.
There is an open translucent door here.
The helpless Crazy Yiuf fails to defend himself.
You hit Crazy Yiuf.
Crazy Yiuf is lightly wounded.
Crazy Yiuf misses you.
You barely miss Crazy Yiuf.
Crazy Yiuf is lightly wounded.
Crazy Yiuf says, "Lugonu!
Line arga sallow."
Crazy Yiuf hits you with a +2 quarterstaff of chaos!
You hit Crazy Yiuf but do no damage.
Crazy Yiuf is lightly wounded.
Crazy Yiuf says, "Ice horse horse!"
Crazy Yiuf barely misses you.
You hit Crazy Yiuf but do no damage.
Crazy Yiuf is lightly wounded.
Crazy Yiuf completely misses you.
You closely miss Crazy Yiuf.
Crazy Yiuf is lightly wounded.
Crazy Yiuf hits you with a +2 quarterstaff of chaos!
You closely miss Crazy Yiuf.
Crazy Yiuf is lightly wounded.
Crazy Yiuf closely misses you.
You punch Crazy Yiuf!
Crazy Yiuf is heavily wounded.
Crazy Yiuf hits you with a +2 quarterstaff of chaos.
You fall asleep.
Crazy Yiuf hits you with a +2 quarterstaff of chaos!!
Ouch! That really hurt!
You die...

# ###.##..##
#...## #
#......#
##.## .
..#..###
#.## .
.....# ##.#
.. .^...#
#.## ..
.....###
##.# .#
##..##..#
##'##
.###...##.##
#...#
.#.....#...#
#.h.# ...
#..#.###
#.g)# ..#
#......#
#####
>..##.##.###
+++...##.#
+++.####.#
_''.####.#
+++......
+++######


You could see Crazy Yiuf.

Vanquished Creatures
  4 adders (D:2)
  4 dart slugs
  A ribbon worm (D:2)
  6 ball pythons
  7 endoplasms
  2 giant cockroaches
  11 goblins
  4 hobgoblins
  A quokka (D:2)
  7 bats
  7 frilled lizards (D:1)
  5 kobolds
  2 rats
61 creatures vanquished.

Notes
Turn   | Place    | Note
-------+----------+-------------------------------------------
     0 | D:1      | nshep25 the Kobold Shapeshifter began the quest for the
                  | Orb.
     0 | D:1      | Reached XP level 1. HP: 12/12 MP: 1/1
   167 | D:1      | Reached XP level 2. HP: 16/16 MP: 2/2
   423 | D:1      | Reached XP level 3. HP: 20/20 MP: 3/3
  1601 | D:2      | Reached skill level 1 in Stealth
  1852 | D:2      | Reached skill level 4 in Unarmed Combat
  1852 | D:2      | Reached XP level 4. HP: 22/25 MP: 4/4
  2395 | D:2      | Reached XP level 5. HP: 28/29 MP: 5/5
  2639 | D:3      | Found a shimmering altar of Xom.
  2661 | D:3      | Found a faded altar of an unknown god.
  2941 | D:3      | Found a runed translucent door.
  2944 | D:3      | Noticed Crazy Yiuf
  2956 | D:3      | Mangled by Crazy Yiuf

Illustrated notes

Levels and vault maps discovered:
D:1:      dpeg_arrival_tiny_a, layout_loops_ring, serial_forest,
          infiniplex_forest_straight_2, infiniplex_forest_straight_4,
          infiniplex_forest_lined_3, infiniplex_forest_straight_3,
          infiniplex_forest_lined_room_3, infiniplex_forest_split,
          infiniplex_forest_clump_medium, minmay_lizard_pond
D:2:      layout_basic, minmay_misc_feat_hallway
D:3:      layout_basic, nicolae_tso_besieged_by_evil, xom_butterflies,
          hellmonk_ecumenical_altar_heavens_door, uniq_crazy_yiuf_cottage,
          uniq_ijyb

Skill      XL: |  1  2  3  4 |
---------------+-------------+-----
Stealth        | 1 2 |  2.5
Unarmed Combat | 4 |  4.3
Fighting       | |  1.4
Dodging        | |  2.7
Shapeshifting  | |  3.5

Action                     |  1- 3 |  4- 6 || total
---------------------------+-------+-------++-------
  Melee: Unarmed           |   352 |    78 ||   430
         Punch             |    12 |     1 ||    13
   Stab: Sleeping          |    11 |    10 ||    21
 Armour: Animal skin       |    38 |    28 ||    66
  Dodge: Dodged            |    55 |    40 ||    95
